 Dungeon Crawl Stone Soup version 0.25-a0-571-gb5e01bddfa (webtiles) character file.

Game seed: 16556612589930569711, levelgen mode: deterministic

32378 Eurus the Thaumaturge (level 13, -6/103 HPs)
             Began as a Mummy Conjurer on Feb 26, 2020.
             Was a High Priest of Vehumet.
             Engulfed by a fire crab's flame (14 damage)
             ... in a Gauntlet on Feb 29, 2020.
             The game lasted 01:03:54 (24868 turns).

Eurus the Thaumaturge (Mummy Conjurer)             Turns: 24868, Time: 01:03:55

Health: -6/103     AC:  8    Str: 11    XL:     13   Next: 31%
Magic:  8/29       EV: 30    Int: 23    God:    Vehumet [*****.]
Gold:   951        SH:  0    Dex: 12    Spells: 0/37 levels left

rFire    + . .     SeeInvis .   y - +5 trident (freeze)
rCold    + . .     Gourm    .   (no shield)
rNeg     + + +     Faith    .   j - +1 leather armour of Putoil {rF++}
rPois    ∞         Spirit   .   (no helmet)
rElec    .         Reflect  .   (no cloak)
rCorr    .         Harm     .   n - +0 pair of gloves
MR       +....     NoTele   +   q - +1 pair of boots
Stlth    +.........             z - amulet of the acrobat
HPRegen  0.27/turn              d - +4 ring of evasion
MPRegen  0.21/turn              k - +3 ring of intelligence

@: acrobat
A: no food or potions, fire vulnerability, cold resistance 1, negative energy
resistance 3, torment resistance, unbreathing, in touch with death 1
a: Renounce Religion


You were in a Gauntlet.
You worshipped Vehumet.
Vehumet was extremely pleased with you.
You were not hungry.

You visited 3 branches of the dungeon, and saw 17 of its levels.
You also visited: Gauntlet.

You collected 951 gold pieces.

Inventory:

Hand Weapons
 y - a +5 trident of freezing (weapon)
Armour
 a - a +0 robe
 j - the +1 leather armour of Putoil (worn) {rF++}
   (You took it off a wight on level 6 of the Dungeon)

   It greatly protects you from fire.
   If you remove this armour, your AC will decrease by 5 (8 -> 3).
 n - a +0 pair of gloves (worn)
 p - a +0 tower shield
 q - a +1 pair of boots (worn)
Magical Staves
 o - an uncursed staff of air
Jewellery
 d - a +4 ring of evasion (left hand)
 i - an uncursed ring of fire
 k - a +3 ring of intelligence (right hand)
 l - an uncursed ring of fire
 v - a +2 ring of intelligence
 z - an amulet of the acrobat (around neck)
Wands
 b - a wand of polymorph (22)
 h - a wand of paralysis (8)
 t - a wand of random effects (17)
 u - a wand of digging (7)
 x - a wand of iceblast (24)
 B - a wand of enslavement (10)
Scrolls
 c - a scroll of fog
 e - 2 scrolls of fear
 f - 17 scrolls of identify
 g - 2 scrolls of enchant armour
 m - 4 scrolls of teleportation
 r - a scroll of vulnerability {unknown}
 s - 2 scrolls of silence {unknown}
 w - 2 scrolls of amnesia {unknown}
 A - a scroll of magic mapping
 C - 3 scrolls of remove curse


   Skills:
 - Level 10.0 Fighting
 - Level 5.0 Armour
 - Level 1.5 Dodging
 - Level 1.5 Stealth
 + Level 5.4 Shields
 + Level 12.9 Spellcasting
 + Level 10.1 Conjurations
 + Level 8.8 Translocations


You couldn't memorise any spells.
You knew the following spells:

 Your Spells              Type           Power        Failure   Level  Hunger
a - Magic Dart            Conj           ####         1%          1    N/A
b - Searing Ray           Conj           ######       1%          2    N/A
c - Iskenderun's Mystic   Conj/Tloc      ######..     1%          4    N/A
d - Shock                 Conj/Air       ####         1%          1    N/A
e - Freeze                Ice            ##..         1%          1    N/A
f - Ignite Poison         Fire/Tmut/Pois ##......     4%          3    N/A
g - Frozen Ramparts       Ice            ##....       4%          3    N/A
h - Bolt of Magma         Conj/Fire/Erth ####......   11%         5    N/A
i - Olgreb's Toxic Radia  Pois           ##......     14%         4    N/A
j - Blink                 Tloc           N/A          1%          2    N/A
k - Shroud of Golubria    Chrm/Tloc      #####.       1%          2    N/A
l - Gell's Gravitas       Tloc           ######....   1%          3    N/A
m - Starburst             Conj/Fire      #####.....   26%         6    N/A

Your spell library contained the following spells:

 Spells                   Type           Power        Failure   Level  Hunger
 Foxfire                  Conj/Fire      ####         1%          1    N/A
 Conjure Flame            Conj/Fire      #####...     1%          3    N/A
 Dazzling Flash           Conj/Hex       #####.       1%          3    N/A
 Lesser Beckoning         Tloc           ######....   1%          3    N/A
 Mephitic Cloud           Conj/Pois/Air  ####....     1%          3    N/A
 Teleport Other           Tloc           ######..     1%          3    N/A
 Fulminant Prism          Conj/Hex       #####.....   1%          4    N/A
 Passage of Golubria      Tloc           N/A          1%          4    N/A
 Sticky Flame             Conj/Fire      #####...     1%          4    N/A
 Inner Flame              Hex/Fire       ##......     4%          3    N/A
 Summon Small Mammal      Summ           ##..         5%          1    N/A
 Fireball                 Conj/Fire      #####.....   5%          5    N/A
 Call Imp                 Summ           ##......     9%          2    N/A
 Call Canine Familiar     Summ           ##......     16%         3    N/A
 Summon Guardian Golem    Hex/Summ       ##......     16%         3    N/A
 Conjure Ball Lightning   Conj/Air       #####.....   26%         6    N/A
 Summon Ice Beast         Ice/Summ       ##......     47%         4    N/A
 Summon Lightning Spire   Summ/Air       ##......     47%         4    N/A
 Silence                  Hex/Air        ##........   83%         5    N/A
 Deflect Missiles         Chrm/Air       ##........   100%        6    N/A
 Chain Lightning          Conj/Air       #####.....   100%        8    N/A
 Lehudib's Crystal Spear  Conj/Erth      #####.....   100%        8    N/A
 Fire Storm               Conj/Fire      #####.....   100%        9    N/A
 Glaciate                 Conj/Ice       #####.....   100%        9    N/A
 Tornado                  Air            ##........   100%        9    N/A

Dungeon Overview and Level Annotations

Branches:
Dungeon (11/15)            Temple (1/1) D:6            Lair (5/6) D:11
  Swamp (0/4) Lair:3        Snake (0/4) Lair:2        Slime (0/5) Lair:5
    Orc (0/2) D:11        Gauntlet (1/1)

Altars:
Ashenzari
Cheibriados
Dithmenos
Elyvilon
Fedhas
Gozag
Hepliaklqana
Kikubaaqudgha
Makhleb
Nemelex Xobeh
Qazlal
Ru
Sif Muna
Trog
Uskayaw
Vehumet
Wu Jian
Xom
Yredelemnul
Zin
The Shining One
Beogh
Lugonu

Annotations:
D:2 Sigmund
D:7 1 runed translucent door, Emblim88's ghost, novice TrMo; Harold
D:9 2 transporters
D:10 exclusion: two-headed ogre, Urug
D:11 Psyche
Lair:1 exclusion: 2 oklob plants Gauntlet 11 transporters


Innate Abilities, Weirdness & Mutations

You do not eat or drink.
Your flesh is vulnerable to fire.
You are immune to poison.
Your flesh is cold resistant. (rC+)
You are immune to negative energy. (rN+++)
You are immune to unholy pain and torment.
You can survive without breathing.
You are in touch with the powers of death.


Message History

You erupt in a blast of force!
The mystic blast hits the fire crab!
The fire crab is severely wounded.
The fire crab is knocked back by the mystic blast.
The fire crab slams into the rock wall!
You are engulfed in blazing flames.
You resist.
* * * LOW HITPOINT WARNING * * *
Casting: Iskenderun's Mystic Blast (safe; 1% risk of failure)
Confirm with . or Enter, or press ? or * to list all spells.
Aiming: Searing Ray (safe; 1% risk of failure)
Press: ? - help, Shift-Dir - straight line, f/p - fire crab
Aim: a fire crab (severely wounded)
The searing ray hits the fire crab.
The fire crab is severely wounded. (Press . to maintain the ray.)
The fire crab breathes flames at you. The blast of flame engulfs you.
You resist.
* * * LOW HITPOINT WARNING * * *
The searing ray misses the fire crab.
You are engulfed in blazing flames.
You resist.
You die...

#########...###########..#
........#...#.##....###..###
.##.##..#...#...###.###..#8#
##t..##.#####=##.###..#..###
#.....#.#...#.##....###..#
...©....#©.©#©..○##.###©.###
#.....#.#...#.##○##○..#..#8#
##...##.#####?##○t○.###..###
.##.##..#...#○○○@##.###..#
.......t#.8.#.##○##..t#..###
#########...###########..#8#
.........................###
........................≈#
########################## #
#8# #8# #8# #8# #8# #8# #
### ### ### ### ### ###


You could see a fire crab.

Vanquished Creatures
  3 hydras
  A two-headed ogre (D:11)
  Nergalle (D:10)
  Pikel (D:9)
  A manticore (D:11)
  Maurice (D:10)
  7 elephants
  5 black mambas
  5 spiny frogs
  4 komodo dragons
  A polar bear (Lair:3)
  3 trolls
  2 bog bodies (Lair:3)
  5 hippogriffs
  10 blink frogs
  A shadow (D:8)
  24 yaks
  A spriggan (shapeshifter) (D:8)
  2 wyverns
  5 basilisks
  3 fire bats (Gauntlet)
  4 hungry ghosts
  2 swamp worms (Lair:3)
  17 water moccasins
  7 porcupines
  7 orc warriors
  A black bear (D:9)
  A phantom (D:8)
  4 sky beasts
  3 slaves
  An ice beast (D:11)
  A necrophage (D:8)
  An eye of draining (D:9)
  10 ogres
  5 wolves (Lair:1)
  3 centaurs
  7 crocodiles
  4 big kobolds
  10 bullfrogs
  A water moccasin zombie (D:6)
  A wyvern skeleton (D:8)
  4 scorpions
  7 killer bees
  14 wights
  4 electric eels
  4 howler monkeys
  3 bullfrog zombies
  7 crimson imps
  4 quasits
  7 hounds
  7 jellies
  11 orc priests
  5 centaur skeletons
  6 iguanas
  Ijyb (D:5)
  Terence (D:3)
  14 orc wizards
  12 worker ants
  A hound zombie (D:6)
  A howler monkey zombie (D:9)
  A worker ant zombie (D:6)
  13 gnolls
  A howler monkey skeleton (D:4)
  15 adders
  2 shadow imps
  An ooze (D:5)
  An adder skeleton (D:4)
  2 worms
  3 dart slugs (D:1)
  5 leopard geckos
  78 orcs
  2 ball pythons
  8 bats
  4 giant cockroaches
  13 goblins
  17 hobgoblins
  18 jackals
  7 quokkas
  4 frilled lizards
  3 jackal skeletons
  34 kobolds
  2 leopard gecko skeletons
  A leopard gecko zombie (D:5)
  A quokka zombie (D:6)
  6 rats
  A fungus (Lair:2)
532 creatures vanquished.

Vanquished Creatures (others)
  4 fungi
  15 plants
19 creatures vanquished.

Grand Total: 551 creatures vanquished

Notes
Turn   | Place    | Note
-------+----------+-------------------------------------------
     0 | D:1      | Eurus the Mummy Conjurer began the quest for the Orb.
     0 | D:1      | Reached XP level 1. HP: 13/13 MP: 4/4
   316 | D:1      | Reached XP level 2. HP: 20/20 MP: 0/5
   371 | D:1      | Learned a level 2 spell: Searing Ray
   451 | D:1      | Reached skill level 3 in Spellcasting
  1071 | D:2      | Reached skill level 1 in Fighting
  1129 | D:2      | Reached XP level 3. HP: 26/26 MP: 2/7
  1594 | D:2      | Reached XP level 4. HP: 25/32 MP: 9/9
  1721 | D:2      | Noticed Sigmund
  2008 | D:2      | Found a bloodstained altar of Trog.
  2560 | D:3      | Noticed Terence
  2632 | D:3      | Killed Terence
  2632 | D:3      | Reached skill level 4 in Spellcasting
  2632 | D:3      | Reached XP level 5. HP: 38/38 MP: 0/11
  3792 | D:3      | Found an opulent altar of Gozag.
  3948 | D:3      | Learned a level 4 spell: Iskenderun's Mystic Blast
  4100 | D:4      | Reached XP level 6. HP: 42/46 MP: 8/12
  4395 | D:4      | Reached skill level 5 in Conjurations
  4858 | D:4      | Reached skill level 1 in Armour
  4858 | D:4      | Reached skill level 1 in Translocations
  5309 | D:5      | Entered Level 5 of the Dungeon
  5335 | D:5      | Reached XP level 7. HP: 52/52 MP: 6/14
  5342 | D:5      | Reached skill level 5 in Spellcasting
  5481 | D:5      | Noticed Ijyb
  5502 | D:5      | Killed Ijyb
  5618 | D:5      | Found a hide-covered altar of Uskayaw.
  5770 | D:5      | Found a shimmering blue altar of Sif Muna.
  6368 | D:5      | Reached XP level 8. HP: 60/60 MP: 14/16
  7017 | D:6      | Reached skill level 6 in Spellcasting
  7209 | D:6      | Identified the +1 leather armour of Putoil {rF++}
  7808 | D:6      | Found a shadowy altar of Dithmenos.
  7833 | D:6      | Reached skill level 5 in Fighting
  8094 | D:6      | Found a blossoming altar of Fedhas.
  8094 | D:6      | Found a white marble altar of Elyvilon.
  8209 | D:6      | Reached skill level 7 in Spellcasting
  8209 | D:6      | Reached XP level 9. HP: 58/68 MP: 11/19
  8522 | D:6      | Found a staircase to the Ecumenical Temple.
  8532 | Temple   | Entered the Ecumenical Temple
  8576 | Temple   | Became a worshipper of Vehumet
  9155 | D:7      | Noticed Harold
  9229 | D:7      | Found a runed translucent door.
  9230 | D:7      | Noticed Emblim88's ghost (novice TrMo)
  9401 | D:7      | Found a sacrificial altar of Ru.
  9660 | D:7      | Found a white marble altar of Elyvilon.
 10068 | D:7      | Reached * piety under Vehumet
 10068 | D:7      | Offered knowledge of Shock by Vehumet.
 10071 | D:7      | Learned a level 1 spell: Shock
 10643 | D:8      | Reached skill level 8 in Spellcasting
 10734 | D:8      | Found a roughly hewn altar of Beogh.
 10754 | D:7      | Reached ** piety under Vehumet
 10754 | D:7      | Offered knowledge of Freeze by Vehumet.
 10761 | D:7      | Learned a level 1 spell: Freeze
 11128 | D:8      | Reached XP level 10. HP: 75/77 MP: 15/22
 11174 | D:8      | Found a shattered altar of Ashenzari.
 11363 | D:8      | Found a glowing golden altar of the Shining One.
 11401 | D:8      | Paralysed by an orc for 3 turns
 11471 | D:8      | Offered knowledge of Ignite Poison by Vehumet.
 11478 | D:8      | Learned a level 3 spell: Ignite Poison
 11518 | D:8      | Reached skill level 5 in Armour
 11600 | D:8      | Reached skill level 5 in Translocations
 11710 | D:8      | Noticed an orb spider
 11748 | D:8      | Reached *** piety under Vehumet
 11965 | D:8      | Reached skill level 9 in Spellcasting
 12124 | D:8      | Noticed a torpor snail
 12214 | D:8      | Noticed a swamp dragon
 12242 | D:7      | Upgraded the game from 0.25-a0-565-g8875c97ebb to
                  | 0.25-a0-566-g062765be81
 12307 | D:9      | Found a basalt altar of Yredelemnul.
 12307 | D:9      | Found a transporter.
 12395 | D:9      | Found a transporter.
 12470 | D:9      | Offered knowledge of Frozen Ramparts by Vehumet.
 12483 | D:9      | Learned a level 3 spell: Frozen Ramparts
 12688 | D:9      | Noticed Pikel
 13363 | D:9      | Found a sacrificial altar of Ru.
 13423 | D:9      | Killed Pikel
 13517 | D:9      | Found a burning altar of Makhleb.
 13520 | D:9      | Found a shimmering altar of Xom.
 13527 | D:9      | Found a stormy altar of Qazlal.
 13912 | D:10     | Entered Level 10 of the Dungeon
 14073 | D:10     | Noticed Urug
 14112 | D:10     | Noticed Nergalle
 14147 | D:10     | Noticed a spectral orc warlord
 14238 | D:10     | Reached XP level 11. HP: 86/86 MP: 20/24
 14242 | D:10     | Reached **** piety under Vehumet
 14406 | D:10     | Offered knowledge of Bolt of Magma by Vehumet.
 14413 | D:10     | Learned a level 5 spell: Bolt of Magma
 14625 | D:10     | Noticed Maurice
 14653 | D:10     | Killed Maurice
 14653 | D:10     | Reached skill level 10 in Spellcasting
 14829 | D:10     | Noticed a two-headed ogre
 14902 | D:11     | Noticed a frost giant
 15096 | D:10     | Noticed a spectral orc warlord
 15308 | D:10     | Killed Nergalle
 15664 | D:11     | Found a staircase to the Orcish Mines.
 16562 | D:11     | Found a staircase to the Lair.
 17423 | D:11     | Reached skill level 1 in Shields
 17580 | D:11     | Noticed a two-headed ogre
 17608 | D:11     | Killed a two-headed ogre
 17949 | D:11     | Noticed Psyche
 18084 | D:11     | Noticed a sea snake
 18085 | D:11     | a sea snake changed into a faun
 18168 | Lair:1   | Entered Level 1 of the Lair of Beasts
 18195 | Lair:1   | Reached skill level 11 in Spellcasting
 18253 | Lair:1   | Noticed a four-headed hydra
 18276 | Lair:1   | Killed a four-headed hydra
 18276 | Lair:1   | Reached ***** piety under Vehumet
 18510 | Lair:1   | Offered knowledge of Olgreb's Toxic Radiance by Vehumet.
 18602 | Lair:1   | Reached XP level 12. HP: 95/95 MP: 19/27
 18702 | Lair:1   | Learned a level 4 spell: Olgreb's Toxic Radiance
 19512 | Lair:2   | Noticed a six-headed hydra
 19521 | Lair:2   | Killed a six-headed hydra
 20237 | Lair:2   | Found a staircase to the Snake Pit.
 20435 | Lair:2   | Reached skill level 12 in Spellcasting
 20436 | Lair:2   | Reached skill level 10 in Fighting
 21144 | Lair:2   | Noticed a catoblepas
 21259 | Lair:2   | You fall into a shaft and drop 1 floor!
 22243 | Lair:3   | Learned a level 2 spell: Blink
 22246 | Lair:3   | Learned a level 2 spell: Shroud of Golubria
 22250 | Lair:3   | Learned a level 3 spell: Gell's Gravitas
 22276 | Lair:3   | Identified the Volume of Conjuration and the Birds
 22346 | Lair:3   | Noticed a seven-headed hydra
 22369 | Lair:3   | Killed a seven-headed hydra
 22474 | Lair:3   | Gained mutation: You are in touch with the powers of death.
                  | [Mummy growth]
 22474 | Lair:3   | Reached XP level 13. HP: 93/103 MP: 20/29
 22480 | Lair:3   | Upgraded the game from 0.25-a0-566-g062765be81 to
                  | 0.25-a0-571-gb5e01bddfa
 22720 | Lair:3   | Offered knowledge of Starburst by Vehumet.
 22728 | Lair:3   | Learned a level 6 spell: Starburst
 23118 | Lair:3   | Reached skill level 5 in Shields
 23232 | Lair:3   | Found a staircase to the Swamp.
 23481 | Lair:4   | Reached skill level 10 in Conjurations
 24633 | Lair:5   | Found a gate leading to a gauntlet.
 24643 | Gauntlet | Entered a Gauntlet
 24643 | Gauntlet | Found a transporter.
 24643 | Gauntlet | Found a transporter.
 24643 | Gauntlet | Found a transporter.
 24643 | Gauntlet | Found a transporter.
 24663 | Gauntlet | Found a transporter.
 24677 | Gauntlet | Found a transporter.
 24679 | Gauntlet | Found a transporter.
 24680 | Gauntlet | Noticed a cacodemon
 24687 | Gauntlet | Found a transporter.
 24708 | Gauntlet | Found a transporter.
 24713 | Gauntlet | Found a transporter.
 24732 | Gauntlet | Found a transporter.
 24775 | Gauntlet | Found a transporter.
 24868 | Gauntlet | Engulfed by a fire crab's flame

Levels and vault maps discovered:
D:1:      minmay_arrival_checkered_box, layout_loops_cross
D:2:      layout_loops_ring, okawaru_altar_gauntlet_db, trog_hazing_becter,
          uniq_sigmund
D:3:      layout_loops_corners, nicolae_gozag_cash_rules_everything_around_me,
          uniq_terence
D:4:      layout_rooms
D:5:      layout_loops_ring, lemuel_doored_altar, marbit_many_paths,
          first_ration, kennysheep_potato, uniq_ijyb
D:6:      layout_basic, grunt_temple_overflow_open,
          minmay_temple_entry_sparse_star
D:7:      corexii_shantytown, layout_basic, basic_altar, gammafunk_ghost_grave,
          serial_glass, glass_columns_b, glass_columns_a, glass_columns_a,
          grunt_ogre_cave, nicolae_ru_great_annihilating_truth, uniq_harold
D:8:      minmay_the_grid_octo_2x2 [minmay_the_grid_octo_checkered,
          minmay_the_grid_octo_thin_diamonds, minmay_the_grid_octo_toaster,
          minmay_the_grid_octo_prize_square_snowflake], layout_basic,
          ashenzari_conservatory_becter, nicolae_tso_carved_into_rock,
          special_room [special_room_orc]
D:9:      gammafunk_steamed_eel, layout_irregular_city,
          grunt_temple_overflow_champion_of_chaos, overflow_temple_1_default,
          kennysheep_mini_moat, minmay_misc_feat_doors, nicolae_benzene_ring,
          serial_bayou_pond_d, grunt_qazlal_sundering, uniq_pikel
D:10:     layout_stronghold, uniq_urug, uniq_maurice, uniq_nergalle
D:11:     layout_basic, david_lair_generic, orc_0_dummy, jmf_multi_god_temple,
          uniq_psyche
Temple:   corrupted_temple
Lair:1:   statuecave_lemuel, layout_chaotic_city, minmay_lair_oklob_chamber,
          serial_bayou_shore_b
Lair:2:   layout_chaotic_city, minmay_snake_entry_six_corridors
Lair:3:   layout_concentric_octagons, nicolae_swamp_entry_splash_gauntlet,
          grunt_megastairs_3, serial_bayou_shore_b
Lair:4:   layout_gridlike, serial_bayou_shore_b
Lair:5:   layout_loops_ring, minmay_slime_entry_oklob_enclosed,
          gauntlet_entry_generic, st_stairs_12, uniq_snorg, uniq_nessos,
          uniq_josephine
Gauntlet: gammafunk_gauntlet_hard_choice [gammafunk_gauntlet_arena_crates,
          gammafunk_gauntlet_arena_mazey,
          gammafunk_gauntlet_arena_split_diamond,
          gammafunk_gauntlet_arena_split_x,
          gammafunk_gauntlet_arena_arrow_garden, gammafunk_gauntlet_arena_open,
          gauntlet_exit_watery]

Skill      XL: |  1  2  3  4  5  6  7  8  9 10 11 12 13 |
---------------+----------------------------------------+-----
Spellcasting   | 3 4 5 7 8 9 11 12 | 12.9
Fighting       | 1 2 3 4 5 6 7 9 10 | 10.0
Conjurations   | 4 5 6 7 8 9 10 | 10.1
Armour         | 1 2 3 4 5 |  5.0
Translocations | 1 2 3 4 6 7 8 |  8.8
Shields        | 2 4 5 |  5.4
Dodging        | |  1.5
Stealth        | |  1.5

Action                   |  1- 3 |  4- 6 |  7- 9 | 10-12 | 13-15 || total
-------------------------+-------+-------+-------+-------+-------++-------
Melee: Unarmed           |     2 |       |       |       |       ||     2
       Club              |    10 |       |       |       |       ||    10
       Dagger            |    42 |    84 |       |       |       ||   126
       Short sword       |       |     9 |    45 |       |       ||    54
       Trident           |       |       |    57 |    94 |     6 ||   157
 Cast: Magic Dart        |    35 |    81 |    46 |    94 |     7 ||   263
       Searing Ray       |     3 |    25 |    93 |   234 |    43 ||   398
       Iskenderun's Myst |       |       |       |    13 |     6 ||    19
  Use: Scroll            |       |       |    13 |     3 |     1 ||    17
 Stab: Sleeping          |       |     3 |     3 |     1 |       ||     7
Armor: Robe              |    11 |    35 |    41 |       |       ||    87
       Leather armour    |       |       |    22 |    91 |    12 ||   125
Dodge: Dodged            |    51 |    85 |   136 |   472 |    81 ||   825

Table legend:
 A = Non-vault XP
 B = Vault XP
 C = Vault XP percentage of total XP
 D = Non-vault monster count
 E = Vault monster count
 F = Vault count percentage of total count
                 A         B        C        D         E       F
            +---------+---------+-------+---------+---------+-------
      Total |   35406 |   10849 |  23.5 |     389 |     139 |  26.3
            +---------+---------+-------+---------+---------+-------
        D:1 |      25 |       0 |   0.0 |      10 |       0 |   0.0
        D:2 |     100 |      48 |  32.4 |      25 |      12 |  32.4
        D:3 |     153 |      36 |  19.0 |      32 |       1 |   3.0
        D:4 |     342 |       0 |   0.0 |      32 |       0 |   0.0
        D:5 |     737 |     152 |  17.1 |      23 |       4 |  14.8
        D:6 |    1565 |       0 |   0.0 |      42 |       0 |   0.0
        D:7 |    1023 |     425 |  29.4 |      14 |      45 |  76.3
        D:8 |    2021 |    1512 |  42.8 |      35 |      35 |  50.0
        D:9 |    1931 |     643 |  25.0 |      30 |       2 |   6.2
       D:10 |    1478 |    1322 |  47.2 |      24 |       2 |   7.7
       D:11 |    4428 |    1079 |  19.6 |      35 |       5 |  12.5
     Lair:1 |    7331 |       0 |   0.0 |      34 |       0 |   0.0
     Lair:2 |    6093 |    2322 |  27.6 |      21 |      18 |  46.2
     Lair:3 |    4032 |    2713 |  40.2 |      14 |      12 |  46.2
     Lair:4 |    4147 |       0 |   0.0 |      18 |       0 |   0.0
   Gauntlet |       0 |     597 | 100.0 |       0 |       3 | 100.0
            +---------+---------+-------+---------+---------+-------
